Map: Odyssey LE

Players

Civi

  • Race: Zerg Zerg
  • Spawn Location: 5:00

Zanster - Winner!

  • Race: Zerg Zerg
  • Spawn Location: 11:00

Event: WCS Jonkoping 2017

VOD

Have the link to the VOD?

Description

Time

  • Played on: June 17, 2017, 7:25 a.m.
  • Length: 6:39

All games in this series

Show
View Real Time Build Order
Export as new Build Order

Civi Zerg 

Build Orders: Pool First 

Get SALT Encoding   

  12  0:00  Drone  
  13  0:08  Drone  
  14  0:17  Extractor, Drone  
  14  0:34  Spawning Pool  
  13  0:35  Drone  
  14  0:42  Extractor  
  14  0:43  Drone  
  15  0:50  Overlord  
  15  1:20  Metabolic Boost, Zergling x6  
  18  1:25  Queen  
  18  1:31  Zergling x2  
  21  1:41  Baneling Nest  
  21  1:43  Zergling x2  
  21  1:53  Zergling x2  
  22  2:16  Hatchery  
  22  2:20  Zergling x2  
  22  2:34  Baneling  
  22  2:36  Overlord  
  22  2:48  Baneling x2  
  21  3:06  Drone x2  
  21  3:07  Drone  
  20  3:13  Drone x4  
  22  3:20  Drone  
  22  3:24  Queen  
  26  3:27  Zergling x2  
  26  3:30  Zergling x2  
  27  3:37  Zergling x2  
  27  3:39  Zergling x2  
  29  3:44  Baneling x2  
  29  3:47  Zergling x2  
  30  3:53  Zergling x2  
  31  3:58  Zergling x4  
  31  4:00  Zergling x4  
  33  4:24  Hatchery  
  33  4:28  Overlord x2  
  31  4:46  Drone x2  
  31  4:47  Drone x2  
  31  4:49  Drone  
  36  4:53  Drone  
  36  4:56  Lair  
  37  5:04  Drone  
  38  5:09  Extractor  
  37  5:18  Zergling x2  
  37  5:19  Zergling x2  
  39  5:23  Drone  
  40  5:34  Baneling  
  40  5:35  Drone x2  
  42  5:36  Drone  
  42  5:37  Extractor  
  42  5:38  Baneling x2  
  42  5:48  Drone x3  
  45  5:56  Overlord  
  45  6:00  Extractor  
  43  6:11  Overlord  
  43  6:12  Drone  
  43  6:14  Overlord  
  43  6:15  Spire  
  43  6:21  Drone  
  43  6:22  Drone x4  
Show
View Real Time Build Order
Export as new Build Order

Zanster Zerg - Winner!

Build Orders: Hatch First 

Get SALT Encoding   

  12  0:01  Drone  
  13  0:12  Overlord  
  13  0:17  Drone  
  14  0:31  Drone x2  
  14  0:35  Drone  
  17  0:53  Hatchery  
  17  0:55  Drone  
  17  0:58  Drone  
  17  1:00  Extractor  
  17  1:15  Spawning Pool  
  17  1:17  Drone  
  17  1:20  Drone  
  18  1:28  Drone  
  19  1:41  Overlord  
  19  2:02  Queen, Zergling x2  
  19  2:03  Zergling x2, Metabolic Boost  
  19  2:06  Queen  
  25  2:08  Zergling x2  
  25  2:15  Zergling x2  
  27  2:20  Spine Crawler  
  27  2:22  Zergling x2  
  27  2:29  Zergling x4  
  28  2:36  Zergling x2  
  29  2:41  Queen  
  29  3:02  Drone  
  29  3:03  Zergling x8  
  32  3:12  Zergling x2  
  31  3:15  Queen  
  33  3:23  Drone x2  
  33  3:25  Drone  
  36  3:29  Overlord  
  36  3:48  Drone  
  37  3:49  Drone x3  
  37  3:51  Drone  
  37  3:52  Drone  
  37  3:53  Drone  
  43  4:00  Overlord  
  43  4:03  Drone  
  44  4:13  Drone  
  43  4:19  Baneling Nest  
  43  4:24  Extractor  
  41  4:26  Drone  
  41  4:28  Roach Warren, Zergling x2  
  41  4:29  Zergling x2  
  41  4:30  Drone  
  41  4:31  Drone x4  
  48  4:34  Drone  
  48  4:37  Overlord  
  48  4:50  Overlord  
  48  4:58  Zergling x2  
  48  4:59  Zergling x8  
  53  5:04  Overlord  
  53  5:05  Baneling x2  
  53  5:12  Overlord  
  55  5:14  Roach x2  
  55  5:18  Roach  
  55  5:19  Roach  
  61  5:26  Roach x3  
  61  5:27  Roach  
  69  5:30  Roach  
  71  5:37  Roach  
  71  5:40  Overlord  
  72  5:47  Roach  
  74  5:53  Overlord  
  74  5:59  Roach x6  
  85  6:04  Zergling x2  
  86  6:19  Baneling x5  
  86  6:24  Hatchery  
Tags
 
Add a new tag
Caveats
  • Supply blocks, unpowered buildings, or Contaminate may cause inaccurate times.
  • Supply counts are checked every 10 seconds.